 Seeded DCSS version 0.29-a0-973-gac7da5f7f0 (webtiles) character file.

Game seed: 5193001383543651861 (custom seed)

2 mathmaestro the Grave Robber (level 1, 0/12 (13) HPs)
             Began as a Demonspawn Necromancer on July 27, 2022.
             Slain by a frilled lizard (1 damage)
             ... on level 1 of the Dungeon on July 31, 2022.
             The game lasted 00:01:06 (55 turns).

mathmaestro the Grave Robber (Demonspawn Necromancer) Turns: 55, Time: 00:01:07

HP:   0/12 (13)     AC:  2    Str:  8    XL:     1   Next: 33%
MP:   0/3           EV: 12    Int: 22    God:
Gold: 0             SH:  0    Dex: 13    Spells: 3/4 levels left

rFire   . . .      SeeInvis .   c - +0 club
rCold   . . .      Faith    .   (no shield)
rNeg    . . .      Spirit   .   a - +0 robe
rPois   .          Reflect  .   (no helmet)
rElec   .          Harm     .   (no cloak)
rCorr   .          Rampage  .   (no gloves)
Will    .....                   (no boots)
Stlth   ++........              (no amulet)
HPRegen 0.04/turn               d - +6 ring of intelligence
MPRegen 0.08/turn               (no ring)

@: drained
A: no striking features
a: no special abilities


You were on level 1 of the Dungeon.
You visited 1 branch of the dungeon, and saw 1 of its levels.

Inventory:

Hand Weapons
 c - a +0 club (weapon)
Armour
 a - a +0 robe (worn)
Jewellery
 d - a +6 ring of intelligence (left hand)
Potions
 b - a potion of magic


   Skills:
 + Level 0.1 Fighting
 + Level 1.8 Dodging
 + Level 1.8 Stealth
 + Level 2.0 Spellcasting
 + Level 4.4 Necromancy


You had 3 spell levels left.
You knew the following spells:

 Your Spells              Type           Power      Damage    Failure   Level
a - Necrotise             Necr           84%        1d8       2%          1

Your spell library contained the following spells:

 Spells                   Type           Power      Damage    Failure   Level
 Vampiric Draining        Necr           21%        2d7       7%          3
 Animate Dead             Necr           21%        N/A       22%         4
 Agony                    Necr           21%        N/A       52%         5


Dungeon Overview and Level Annotations

Branches:
Dungeon (1/15)

Altars:


Message History

d - a +6 ring of intelligence The kobold shouts!
The kobold throws a stone.
The stone hits your quokka skeleton.
You feel clever.
d - a +6 ring of intelligence (left hand)
The kobold throws a stone.
The stone hits your quokka skeleton.
The kobold throws a stone.
The stone barely misses your quokka skeleton.
The stone barely misses you.
A kobold is nearby!
You start resting.
Something hits your quokka skeleton.
Your quokka skeleton is destroyed!
You start resting.
A kobold is nearby!
Casting: Necrotise (safe; 2% risk of failure)
Confirm with . or Enter, or press ? or * to list all spells.
Aiming: Necrotise (safe; 2% risk of failure)
Press: ? - help, Shift-Dir - straight line, f - kobold
Aim: a kobold, wielding a +4 short sword of draining and quivering stones (chance to affect: 90%)
The kobold writhes in agony.
The kobold hits you with a +4 short sword of draining.
* * * LOW HITPOINT WARNING * * *
You feel drained.
* * * LOW HITPOINT WARNING * * *
Casting: Necrotise (safe; 2% risk of failure)
Confirm with . or Enter, or press ? or * to list all spells.
Aiming: Necrotise (safe; 2% risk of failure)
Press: ? - help, Shift-Dir - straight line, f/p - kobold
Aim: a kobold, wielding a +4 short sword of draining and quivering stones (moderately wounded, chance to affect: 90%)
The kobold writhes in agony.
You kill the kobold!
The dead are walking!
You hear an angry hiss.
A frilled lizard comes into view.
You barely miss the frilled lizard.
The frilled lizard bites you but does no damage.
The frilled lizard attacks as you move away!
The frilled lizard bites you.
You die...

#..<..# #.....# #..>..#
##⌠...⌠# ..##.######
#.#.#######..
#$##.##.... . #.##.#Z.#
...
..#####.###.@.##..... .
.........###l.......
....###.K......####....
.......................
....###.#...........##
. #....########...
.......# .> ....#.###
#.###.#


You could see a frilled lizard (ally target) and a friendly kobold skeleton.

Vanquished Creatures
  A kobold (D:1)
  A quokka (D:1)
2 creatures vanquished.

Notes
Turn   | Place    | Note
-------+----------+-------------------------------------------
     0 | D:1      | mathmaestro the Demonspawn Necromancer began the quest for
                  | the Orb.
     0 | D:1      | Reached XP level 1. HP: 13/13 MP: 3/3
    12 | D:1      | Upgraded the game from 0.29-a0-923-g6e406bff71 to
                  | 0.29-a0-973-gac7da5f7f0
    55 | D:1      | Slain by a frilled lizard

Illustrated notes

Levels and vault maps discovered:
D:1:      amcnicky_arrival_gap_in_the_tavern_cellar, layout_rooms,
          shapermc_ecumenical_altar_notcrosses

Action                   || total
-------------------------++-------
Melee: Unarmed           ||     9
       Club              ||     1
 Cast: Necrotise         ||     5
Armor: Robe              ||     3
Dodge: Dodged            ||    11

Table legend: (Time is in decaauts)
 A = Elapsed time spent in this place.
 B = Non-inter-level travel time spent in this place.
 C = Inter-level travel time spent in this place.
 D = Time resting spent in this place.
 E = Time spent auto-exploring this place.
 F = Levels seen in this place.
 G = Mean time per level.
                   A        B        C        D        E       F      G
               +--------+--------+--------+--------+--------+-----+--------+
         Total |     54 |     54 |      0 |      8 |     10 |   1 |   54.0 |
       Dungeon |     54 |     54 |      0 |      8 |     10 |   1 |   54.0 |
               +--------+--------+--------+--------+--------+-----+--------+

Top non-repeatable levels by time:
     D:1: 54 daAuts
